 Dungeon Crawl Stone Soup version 0.27-a0-1202-ge72e49191c (webtiles) character file.

Game seed: 9821569245663916717

149 funkygono the Stinger (level 5, 0/35 HPs)
             Began as a Formicid Venom Mage on June 3, 2021.
             Killed by divine providence
             ... invoked by an orc priest
              (12 damage)
             ... on level 3 of the Dungeon.
             The game lasted 00:06:10 (3181 turns).

funkygono the Stinger (Formicid Venom Mage)         Turns: 3181, Time: 00:06:11

Health: 0/35       AC:  2    Str: 12    XL:     5   Next: 57%
Magic:  7/10       EV: 12    Int: 16    God:
Gold:   116        SH:  0    Dex: 17    Spells: 2/11 levels left

rFire    . . .     SeeInvis +   d - +0 whip
rCold    . . .     Faith    .   (no shield)
rNeg     . . .     Spirit   .   a - +0 robe
rPois    .         Reflect  .   (helmet unavailable)
rElec    .         Harm     .   (no cloak)
rCorr    .         Rampage  .   (no gloves)
Will     .....                  (no boots)
Stlth    ++........             (no amulet)
HPRegen  0.11/turn              m - +6 ring of dexterity
MPRegen  0.12/turn              (no ring)

@: no status effects
A: permanent stasis, dig shafts and tunnels, antennae 3, four strong arms
a: Dig, Shaft Self


You were on level 3 of the Dungeon.
You visited 1 branch of the dungeon, and saw 3 of its levels.

You collected 116 gold pieces.

Inventory:

Hand Weapons
 c - a +0 club
 d - a +0 whip (weapon)
Missiles
 b - 187 stones
Armour
 a - a +0 robe (worn)
Jewellery
 m - a +6 ring of dexterity (left hand)
Wands
 j - a wand of flame (11)
Scrolls
 k - a scroll of blinking {unknown}
 l - a scroll of fear {unknown}
Potions
 e - a potion of ambrosia {unknown}
 f - a potion of curing {unknown}
 g - a potion of magic {unknown}
 h - a potion of brilliance {unknown}
 i - a potion of degeneration {unknown}


   Skills:
 + Level 1.0 Maces & Flails
 + Level 2.0 Dodging
 - Level 2.4 Stealth
 * Level 3.5 Spellcasting
 + Level 2.3 Transmutations
 * Level 5.6 Poison Magic


You had 2 spell levels left.
You knew the following spells:

 Your Spells              Type           Power      Damage    Failure   Level
a - Sting                 Tmut/Pois      60%        1d6       3%          1
b - Poisonous Vapours     Pois/Air       22%        N/A       9%          2
c - Ignite Poison         Fire/Tmut/Pois 11%        N/A       19%         3
d - Mephitic Cloud        Conj/Pois/Air  8%         N/A       24%         3

Your spell library contained the following spells:

 Spells                   Type           Power      Damage    Failure   Level
 Olgreb's Toxic Radiance  Pois           21%        N/A       17%         4


Dungeon Overview and Level Annotations

Branches:
Dungeon (3/15)

Altars:
Nemelex Xobeh

Shops:
D:2 *


Innate Abilities, Weirdness & Mutations

You cannot be hasted, slowed, berserked, paralysed or teleported.
You can dig through walls and to a lower floor.
You have a pair of large antennae on your head. (SInv)
Your four strong arms can wield two-handed weapons with a shield.


Message History

The sting hits the rat.
The rat is poisoned.
You kill the rat!
You enter the shallow water.
Moving in this stuff is going to be slow.
Casting: Sting (safe; 3% risk of failure)
Confirm with . or Enter, or press ? or * to list all spells.
Aiming: Sting (safe; 3% risk of failure)
Press: ? - help, Shift-Dir - straight line, f - orc
Aim: an orc, wielding a +1 short sword of draining (74% to hit)
The sting misses the orc.
The sting hits the orc priest.
The orc priest is poisoned.
The orc priest is moderately wounded.
Casting: Sting (safe; 3% risk of failure)
Confirm with . or Enter, or press ? or * to list all spells.
Aiming: Sting (safe; 3% risk of failure)
Press: ? - help, Shift-Dir - straight line, f/p - orc
Aim: an orc, wielding a +1 short sword of draining (74% to hit)
The sting hits the orc.
The orc is poisoned.
The orc is lightly wounded.
You barely miss the orc.
The orc is heavily wounded.
The orc closely misses you.
You hit the orc.
You kill the orc!
The orc priest splashes around in the water.
You see here a +1 short sword of draining.
Casting: Sting (safe; 3% risk of failure)
Confirm with . or Enter, or press ? or * to list all spells.
Aiming: Sting (safe; 3% risk of failure)
Press: ? - help, Shift-Dir - straight line, f - orc priest
Aim: an orc priest, wielding a +0 short sword (heavily wounded, poisoned, 74% to hit)
The sting hits the orc priest.
The orc priest looks even sicker.
The orc priest is almost dead.
The orc priest looks encouraged for a moment.
Unknown command.
You completely miss the orc priest.
The orc priest is almost dead.
The orc priest calls down the wrath of Beogh upon you.
Beogh smites you!
You die...

P≈≈≈.P♣≈# ##...#o... #.#.#
♣≈P≈.≈P♣P# ##.........
..#.... ♣≈P≈.≈≈♣P#
#.......... ..###.#
♣P≈≈.≈≈♣ # #.....# #.#....
≈≈≈≈.≈≈♣ #.....# #.#.#.#
♣..P♣..... #.#.#.# ♣≈.P♣
### #.#.#.# ♣P≈P♣
#####.#.... ≈P.≈♣♣# ♣o@P♣
#>..#.###.# ♣P≈P.≈≈≈≈
♣P≈♣♣♣♣♣♣.......).#
≈≈≈≈.≈≈≈♣
P≈♣♣♣≈≈≈♣P♣.≈#..#######
♣P≈P.PPP♣...≈≈.≈≈≈≈..≈...##
≈P≈≈.≈≈≈P#P♣♣♣♣≈≈≈≈≈♣♣♣.##
## ♣P≈.≈≈≈P#♣♣
♣P≈♣♣♣♣♣♣..#######.
##≈≈.≈≈♣ #.# ♣≈≈♣
#...#..♣P..P
...≈.≈P###.###♣P≈♣
#...#P≈≈.≈.≈
##...........♣♣♣≈♣♣
#.......≈.≈≈


You could see an orc priest (very poisoned).

Vanquished Creatures
  A hound (D:3)
  An orc wizard (D:3)
  2 adders (D:3)
  2 worms (D:2)
  2 dart slugs (D:1)
  3 orcs (D:3)
  7 bats
  6 endoplasms
  A giant cockroach (D:1)
  3 goblins
  5 hobgoblins
  5 jackals
  3 kobolds
  3 quokkas
  6 ball pythons
  5 frilled lizards
  7 rats
62 creatures vanquished.

Vanquished Creatures (others)
  4 plants (D:3)
4 creatures vanquished.

Grand Total: 66 creatures vanquished

Notes
Turn   | Place    | Note
-------+----------+-------------------------------------------
     0 | D:1      | funkygono the Formicid Venom Mage began the quest for the
                  | Orb.
     0 | D:1      | Reached XP level 1. HP: 13/13 MP: 3/3
   213 | D:1      | Reached XP level 2. HP: 19/19 MP: 3/5
   249 | D:1      | Learned a level 2 spell: Poisonous Vapours
   701 | D:1      | Reached XP level 3. HP: 22/24 MP: 3/6
   705 | D:1      | Learned a level 3 spell: Ignite Poison
  1185 | D:2      | Reached skill level 5 in Poison Magic
  1623 | D:2      | Reached XP level 4. HP: 30/30 MP: 3/8
  1752 | D:2      | Found Ruffuwoc's General Store.
  1769 | D:2      | Found a sparkling altar of Nemelex Xobeh.
  2018 | D:3      | Learned a level 3 spell: Mephitic Cloud
  2695 | D:3      | Reached XP level 5. HP: 35/35 MP: 5/10
  2784 | D:3      | Reached skill level 1 in Maces & Flails
  3181 | D:3      | Killed from afar by an orc priest

Illustrated notes

Levels and vault maps discovered:
D:1:      ncdulo_lavacross, layout_loops_cross
D:2:      layout_basic, serial_shops, nicolae_shop_waterfront, basic_altar
D:3:      layout_loops_cross, lemuel_doored_altar, serial_bayou,
          serial_bayou_lagoon_b, serial_bayou_pond_d, serial_bayou_pond_b,
          serial_bayou_ford_a, serial_bayou_crossing, serial_bayou_pond_c,
          minmay_misc_feat_four_crosses

Skill      XL: |  1  2  3  4  5 |
---------------+----------------+-----
Poison Magic   | 5 |  5.6
Spellcasting   | 3 |  3.5
Transmutations | 2 |  2.3
Dodging        | 2 |  2.0
Maces & Flails | 1 |  1.0
Stealth        | |  2.4

Action                   |  1- 3 |  4- 6 || total
-------------------------+-------+-------++-------
Melee: Whip              |    32 |    55 ||    87
       Club              |     2 |       ||     2
 Cast: Sting             |    49 |    52 ||   101
  Use: Scroll            |     1 |     1 ||     2
Armor: Robe              |     7 |     7 ||    14
Dodge: Dodged            |    22 |    41 ||    63

Table legend: (Time is in decaauts)
 A = Elapsed time spent in this place.
 B = Non-inter-level travel time spent in this place.
 C = Inter-level travel time spent in this place.
 D = Time resting spent in this place.
 E = Time spent auto-exploring this place.
 F = Levels seen in this place.
 G = Mean time per level.
                   A        B        C        D        E       F      G
               +--------+--------+--------+--------+--------+-----+--------+
         Total |   3212 |   3165 |     47 |      0 |   2632 |   3 | 1070.7 |
       Dungeon |   3212 |   3165 |     47 |      0 |   2632 |   3 | 1070.7 |
               +--------+--------+--------+--------+--------+-----+--------+

Top non-repeatable levels by time:
     D:3: 1244 daAuts
     D:1: 1142 daAuts
     D:2: 825 daAuts
